Map: Moonlight Madness LE (Void)

Players

SticklerMac - Winner!

  • Race: Zerg Zerg
  • League: Silver

TyJay

  • Race: Protoss Protoss
  • League: Silver

VOD

Have the link to the VOD?

Description

Time

  • Played on: Sept. 20, 2015, 10:46 a.m.
  • Length: 13:27
Show
View Real Time Build Order
Export as new Build Order

SticklerMac Zerg - Winner!

Build Orders: Hatch First 

Get SALT Encoding   

  12  0:01  Drone  
  13  0:09  Drone  
  14  0:17  Overlord  
  14  0:35  Drone x2  
  16  0:36  Drone  
  17  0:46  Drone  
  18  1:00  Hatchery  
  18  1:01  Drone  
  18  1:08  Extractor  
  18  1:09  Drone  
  18  1:21  Drone  
  19  1:28  Spawning Pool  
  19  1:32  Drone  
  19  1:40  Drone  
  20  1:52  Drone  
  21  2:05  Drone  
  22  2:13  Drone  
  22  2:14  Drone  
  24  2:21  Queen  
  24  2:22  Queen  
  28  2:41  Hatchery  
  28  2:44  Drone  
  28  2:52  Extractor  
  28  2:55  Spine Crawler  
  26  3:03  Drone x2  
  26  3:04  Overlord x2, Spine Crawler  
  27  3:05  Spine Crawler  
  27  3:09  Drone  
  27  3:19  Drone x3  
  28  3:28  Drone x2  
  28  3:30  Drone  
  28  3:33  Drone x2  
  33  3:46  Zergling x6  
  36  3:48  Zergling x2  
  36  3:53  Drone x2  
  39  3:58  Queen  
  41  4:07  Zergling x2  
  41  4:08  Zergling x6  
  45  4:15  Lair  
  45  4:17  Drone  
  45  4:19  Drone  
  45  4:23  Extractor  
  45  4:24  Drone, Extractor  
  46  4:26  Drone  
  46  4:28  Drone  
  49  4:31  Drone  
  49  4:40  Drone  
  49  4:45  Overlord x2  
  50  4:48  Overlord  
  50  4:54  Metabolic Boost  
  50  5:14  Drone  
  50  5:15  Drone x7  
  50  5:16  Drone x2  
  50  5:19  Drone  
  61  5:22  Drone  
  61  5:23  Drone  
  62  5:49  Spire  
  61  6:12  Drone x4  
  61  6:13  Overlord  
  61  6:14  Overlord x4  
  61  6:16  Extractor  
  61  6:17  Drone  
  65  6:18  Extractor  
  64  6:32  Spore Crawler x2  
  62  6:34  Spore Crawler  
  62  6:35  Spore Crawler  
  60  6:46  Drone x4  
  60  6:47  Drone x7  
  66  6:48  Drone  
  72  7:03  Mutalisk x2  
  72  7:04  Mutalisk x7  
  72  7:05  Mutalisk x3  
  96  7:11  Mutalisk x2  
  96  7:13  Mutalisk  
  102  7:16  Drone x2  
  102  7:17  Drone  
  102  7:21  Overlord x2  
  105  7:24  Overlord  
  105  7:30  Overseer  
  105  7:32  Overseer  
  105  7:34  Overseer  
  100  7:52  Mutalisk x5  
  100  7:53  Mutalisk x3  
  116  8:03  Mutalisk  
  116  8:04  Mutalisk  
  118  8:25  Drone x4  
  122  8:27  Spore Crawler x2, Mutalisk x2  
  122  8:28  Mutalisk  
  122  8:32  Overlord x4  
  122  8:33  Overlord  
  126  8:43  Mutalisk x2  
  130  8:52  Overseer x3  
  130  8:58  Mutalisk x2  
  134  9:11  Mutalisk, Pneumatized Carapace  
  129  9:42  Mutalisk  
  129  9:43  Mutalisk x4  
  129  10:11  Mutalisk x5  
  139  10:16  Mutalisk  
  139  10:17  Zergling x2  
  139  10:18  Zergling x6  
  145  10:31  Overlord x4  
  145  10:32  Overlord x5  
  140  10:53  Mutalisk x5  
  140  10:54  Mutalisk  
  150  11:09  Mutalisk x2  
  152  11:13  Zergling x2  
  152  11:14  Zergling x22  
  164  11:23  Mutalisk x3  
  168  11:32  Zergling x6  
  171  11:33  Zergling x14  
  174  11:52  Mutalisk x3  
  174  11:53  Mutalisk  
  170  12:18  Mutalisk x4  
  162  12:44  Mutalisk x5  
  152  12:47  Zergling x2  
  152  12:48  Zergling x6  
Show
View Real Time Build Order
Export as new Build Order

TyJay Protoss 

Build Orders: Double Forge 

Get SALT Encoding   

  12  0:03  Probe (Chrono Boost)  
  13  0:13  Probe (Chrono Boost)  
  14  0:24  Pylon  
  14  0:31  Probe (Chrono Boost)  
  15  0:42  Probe (Chrono Boost)  
  16  0:46  Gateway  
  16  0:51  Gateway  
  16  1:00  Probe (Chrono Boost)  
  17  1:09  Probe (Chrono Boost)  
  18  1:31  Assimilator  
  18  1:35  Probe (Chrono Boost), Assimilator  
  19  1:54  Cybernetics Core  
  19  2:00  Probe (Chrono Boost)  
  20  2:04  Pylon  
  20  2:13  Nexus  
  20  2:17  Probe (Chrono Boost)  
  21  2:26  Probe (Chrono Boost)  
  22  2:31  Adept x2  
  22  2:32  Warp Gate  
  26  2:47  Probe (Chrono Boost)  
  27  2:57  Probe (Chrono Boost)  
  28  3:07  Pylon  
  28  3:25  Probe x2 (Chrono Boost)  
  30  3:30  Robotics Facility  
  30  3:32  Forge  
  30  3:34  Forge  
  30  3:35  Probe (Chrono Boost)  
  30  3:37  Probe (Chrono Boost)  
  32  3:47  Probe (Chrono Boost)  
  34  3:51  Mothership Core (Chrono Boost)  
  35  4:00  Probe (Chrono Boost)  
  35  4:02  Gateway  
  36  4:04  Protoss Ground Weapons Level 1 (Chrono Boost)  
  36  4:05  Adept  
  36  4:08  Probe (Chrono Boost)  
  39  4:16  Probe (Chrono Boost)  
  40  4:20  Protoss Shields Level 1 (Chrono Boost)  
  40  4:35  Probe x2  
  40  4:38  Assimilator  
  42  4:41  Assimilator  
  42  4:43  Observer  
  43  4:47  Sentry x2, Probe x2  
  49  5:03  Probe x2  
  49  5:04  Warp Prism  
  53  5:17  Pylon  
  53  5:19  Pylon  
  52  5:40  Immortal  
  56  5:50  Adept x2  
  56  5:51  Adept  
  62  5:57  Protoss Ground Armor Level 1 (Chrono Boost)  
  62  6:00  Gateway  
  62  6:07  Twilight Council  
  62  6:12  Probe x2  
  62  6:13  Pylon  
  62  6:14  Pylon  
  62  6:17  Nexus  
  62  6:18  Pylon  
  64  6:19  Observer  
  64  6:24  Probe x2  
  67  6:33  Adept x2  
  67  6:36  Probe  
  67  6:38  Probe  
  67  6:39  Pylon  
  73  6:41  Immortal  
  77  6:48  Pylon  
  77  6:59  Adept x3  
  83  7:18  Gateway  
  83  7:19  Protoss Ground Weapons Level 2 (Chrono Boost)  
  83  7:25  Protoss Shields Level 2 (Chrono Boost)  
  83  7:27  Blink (Chrono Boost)  
  82  7:34  Adept  
  84  7:42  Stargate  
  82  7:51  Stalker x2  
  76  7:59  Stalker x2  
  76  8:12  Photon Cannon  
  76  8:15  Probe  
  77  8:21  Stalker x2, Photon Cannon  
  77  8:22  Photon Cannon  
  77  8:25  Probe, Phoenix (Chrono Boost)  
  83  8:29  Stalker  
  83  8:33  Stalker  
  88  8:34  Stalker  
  88  8:35  Probe  
  88  8:38  Probe x2  
  93  8:45  Stalker  
  93  8:47  Stalker  
  97  8:58  Stalker x3  
  97  9:02  Probe x2  
  105  9:17  Sentry x2  
  105  9:24  Phoenix (Chrono Boost)  
  111  9:46  Shield Upgrade  
  109  10:02  Stalker  
  109  10:03  Stalker x3  
  111  10:25  Pylon  
  111  10:27  Pylon  
  111  10:30  Gateway  
  111  10:33  Gateway, Phoenix (Chrono Boost)  
  111  10:34  Gateway, Pylon  
  111  10:35  Zealot x2, Pylon  
  109  11:31  Stalker x3  
  109  11:32  Stalker, Pylon  
  117  11:42  Pylon  
  117  11:47  Phoenix (Chrono Boost)  
  105  12:08  Phoenix (Chrono Boost)  
  96  12:10  Stalker  
  96  12:11  Stalker  
  88  12:46  Phoenix (Chrono Boost)  
  88  12:48  Probe  
  88  12:50  Probe x2  
  93  12:58  Probe  
  93  13:02  Probe  
  93  13:03  Probe  
  93  13:14  Probe  
  93  13:15  Probe  
Tags
 
Add a new tag
Caveats
  • Supply blocks, unpowered buildings, or Contaminate may cause inaccurate times.
  • Supply counts are checked every 10 seconds.